Coyotes vs Sharks

Created - February 4, 2020 at 19:10

Goals
1 2 3 T
Coyotes 0 1 3 4
Sharks 1 0 1 2
Shots
1 2 3 T
Coyotes 8 10 5 23
Sharks 12 3 5 20

1st period

1. Sharks , Milan Michalek 10 (T.J. Hensick 5, Drew Doughty 43) at 19:48

Penalties :
Milan Michalek (SJS) for Roughing (Minor) at 1:44, Evgeny Artyukhin (Ari) for Hooking (Minor) at 4:04

2nd period

2. Coyotes , Marian Gaborik 24 (Tyler Ennis 18) at 4:23 (PP)

Penalties :
Matt Corrente (SJS) for Holding (Minor) at 4:12, Thomas Hickey (Ari) for High sticking (Minor) at 12:04

3rd period

3. Coyotes , Anton Stralman 1 (Tyler Ennis 19) at 4:05 (PP)
4. Coyotes , Brad Richards 9 (Zach Parise 17, Matt Donovan 5) at 8:08
5. Coyotes , Zach Parise 17 (Brad Richards 22, Chris Stewart 6) at 10:47
6. Sharks , T.J. Hensick 7 (Milan Michalek 20, Stefan Ruzicka 12) at 11:42

Penalties :
Jason Spezza (SJS) for High sticking (Minor) at 0:19, Martins Karsums (SJS) for Hooking (Minor) at 3:51, Bobby Butler (SJS) for Roughing (Minor) at 8:19, Luke Adam (SJS) for Holding (Minor) at 13:13

Goalie Stats

Maxime Daigneault (Ari), 18 saves from 20 shots - (0.900), W, 17-12-1, 60:00 minutes
Ryan Miller (SJS), 19 saves from 23 shots - (0.826), L, 15-14-4, 60:00 minutes

Players Stats for Coyotes

Player Name              G  A  P  +/- PIM S  H  SB GA TA FO     MP     PP MP  PK MP  
------------------------------------------------------------------------------------
Andrew MacDonald         0  0  0   0  0   0  0  0  0  0  0/0    12:53   0:00   0:00 
Anton Stralman           1  0  1   0  0   3  0  0  2  0  0/0    23:27   5:07   2:48 
Brad Richards            1  1  2   2  0   3  3  0  0  0  5/10   18:51   3:51   1:14 
Chris Stewart            0  1  1   2  0   0  2  0  0  0  1/1    17:50   3:51   0:00 
Evgeny Artyukhin         0  0  0   0  2   0  1  0  1  0  0/0    12:55   0:00   0:24 
Jamie Arniel             0  0  0   0  0   3  2  0  1  0  0/6    13:20   0:00   0:00 
Kristopher Letang        0  0  0   0  0   1  0  0  1  0  0/0    26:52   5:07   2:48 
Marian Gaborik           1  0  1  -2  0   5  2  0  0  0  1/2    23:47   4:30   0:00 
Martin Samuelsson        0  0  0   0  0   0  1  1  0  0  2/3    14:23   0:00   2:20 
Matt Donovan             0  1  1   0  0   1  1  2  0  0  0/0    13:24   0:00   0:31 
Michael Del Zotto        0  0  0   0  0   1  0  1  1  0  0/0    20:15   3:14   1:10 
Mike Weber               0  0  0   0  0   0  0  0  0  0  0/0     3:25   0:00   0:00 
Nazem Kadri              0  0  0  -1  0   1  2  0  0  0  9/21   18:27   4:30   0:00 
Nick Bonino              0  0  0  -1  0   1  0  1  0  0  4/6     7:39   0:00   0:00 
Ramzi Abid               0  0  0  -1  0   1  1  1  0  0  0/1    10:30   0:00   2:20 
Thomas Hickey            0  0  0   0  2   0  1  1  1  0  0/0    20:32   3:14   0:39 
Tyler Ennis              0  2  2  -1  0   1  1  0  1  0  0/1    18:26   4:30   0:09 
Zach Parise              1  1  2   2  0   2  5  0  1  0  1/1    19:04   3:51   1:29 

Players Stats for Sharks

Player Name              G  A  P  +/- PIM S  H  SB GA TA FO     MP     PP MP  PK MP  
------------------------------------------------------------------------------------
Adam Larsson             0  0  0   1  0   1  1  0  0  0  0/0    16:09   0:00   3:41 
Alec Martinez            0  0  0   0  0   0  0  0  0  0  0/0     3:28   0:00   0:00 
Andrej Sekera            0  0  0   0  0   0  2  1  0  0  0/0    20:36   1:49   3:41 
Ben Lovejoy              0  0  0  -1  0   0  0  1  0  4  0/0    24:45   2:09   4:40 
Bobby Butler             0  0  0  -1  2   0  1  0  0  0  0/0    16:49   1:56   0:00 
David Rundblad           0  0  0   0  0   0  0  2  0  1  0/0    14:26   0:00   0:00 
Drew Doughty             0  1  1  -1  0   1  1  2  0  2  0/0    27:25   2:09   4:40 
Jason Spezza             0  0  0   0  2   2  2  0  0  0  11/24  23:47   1:56   3:22 
Jiri Tlusty              0  0  0   0  0   0  0  0  0  0  0/0     6:43   0:00   0:00 
Luke Adam                0  0  0   0  2   0  0  0  0  0  7/11   13:05   2:02   0:15 
Martins Karsums          0  0  0   1  2   2  1  0  0  1  0/1    16:34   2:02   0:00 
Matt Corrente            0  0  0   1  2   0  2  0  0  0  0/0    13:10   1:49   0:00 
Mike Cammalleri          0  0  0   0  0   4  2  0  0  0  1/2    20:38   1:56   4:38 
Milan Michalek           1  1  2   0  2   5  1  0  0  0  0/0    19:01   2:02   2:07 
Oskar Osala              0  0  0   0  0   4  3  0  0  1  2/2    13:24   0:00   0:41 
Stefan Ruzicka           0  1  1  -1  0   0  1  0  0  0  1/1    15:23   0:00   2:31 
T.J. Hensick             1  1  2   1  0   1  1  1  0  0  7/11   17:25   0:00   3:08 
Zach Boychuk             0  0  0   0  0   0  0  0  0  0  0/0     8:45   0:00   0:00 

3 Stars

1 - Zach Parise (Ari)
2 - Brad Richards (Ari)
3 - T.J. Hensick (SJS)

Power Play

Coyotes - 2 on 6 Attempt(s) - 33.33%
Sharks - 0 on 2 Attempt(s) - 0.00%

Penalty Kill

Coyotes - 2 on 2 Attempt(s) - 100.00% - Score 0 goal in Penalty Kill
Sharks - 4 on 6 Attempt(s) - 66.67% - Score 0 goal in Penalty Kill

Team Stat

Coyotes - Hits : 22 - Faceoff Wins : 23 - Blocked Shots : 7 - Penalty Minutes : 4
Sharks - Hits : 18 - Faceoff Wins : 29 - Blocked Shots : 7 - Penalty Minutes : 12

Official

Referees : Unknown
Linesman : Unknown

Game Notes

No Game Note

Finance

Level 1 -- Attendance: 4419 (73.65%) -- Ticket Income $508,185
Level 2 -- Attendance: 3586 (71.72%) -- Ticket Income $268,950
Level 3 -- Attendance: 1556 (77.80%) -- Ticket Income $77,800
Level 4 -- Attendance: 3108 (77.70%) -- Ticket Income $93,240
Luxury Box -- Attendance: 744 (74.40%) -- Ticket Income $156,240
Game was played at the Hockey Place Center.
Total Attendance: 13413 (74.52%)
Total Ticket Income: $1,104,415
Other Income: $165,662
Total Income: $1,270,077

Coyotes

5 vs 5 Forward 
   Center                   Left Wing                Right Wing               Time % Phy DF OF 
 1 Nazem Kadri              Tyler Ennis              Marian Gaborik           40     1   2  2  
 2 Brad Richards            Zach Parise              Chris Stewart            30     1   2  2  
 3 Jamie Arniel             Martin Samuelsson        Evgeny Artyukhin         20     1   2  2  
 4 Nick Bonino              Ramzi Abid               Marian Gaborik           10     1   2  2  

5 vs 5 Defense 
   Defense                  Defense                                           Time % Phy DF OF 
 1 Kristopher Letang        Anton Stralman                                    40     1   2  2  
 2 Michael Del Zotto        Thomas Hickey                                     30     1   2  2  
 3 Andrew MacDonald         Matt Donovan                                      20     1   2  2  
 4 Mike Weber               Kristopher Letang                                 10     1   2  2  

PowerPlay Forward 
   Center                   Left Wing                Right Wing               Time % Phy DF OF 
 1 Nazem Kadri              Tyler Ennis              Marian Gaborik           60     1   2  2  
 2 Brad Richards            Zach Parise              Chris Stewart            40     1   2  2  

PowerPlay Defense
   Defense                  Defense                                           Time % Phy DF OF 
 1 Kristopher Letang        Anton Stralman                                    60     1   2  2  
 2 Michael Del Zotto        Thomas Hickey                                     40     1   2  2  

Penalty Kill 4 Players Forward 
   Center                   Wing                     Time % Phy DF OF 
 1 Martin Samuelsson        Ramzi Abid               60     1   2  2  
 2 Brad Richards            Zach Parise              40     1   2  2  

Penalty Kill 4 Players Defense
   Defense                  Defense                  Time % Phy DF OF 
 1 Kristopher Letang        Anton Stralman           60     1   2  2  
 2 Michael Del Zotto        Thomas Hickey            40     1   2  2  

Penalty Kill - 3 Players Forward 
   Forward                                           Time % Phy DF OF 
 1 Tyler Ennis                                       60     1   2  2  
 2 Marian Gaborik                                    40     1   2  2  

Penalty Kill - 3 Players Defense
   Defense                  Defense                  Time % Phy DF OF 
 1 Kristopher Letang        Anton Stralman           60     1   2  2  
 2 Michael Del Zotto        Thomas Hickey            40     1   2  2  

4 vs 4 Forward 
   Center                   Wing                     Time % Phy DF OF 
 1 Tyler Ennis              Marian Gaborik           60     1   2  2  
 2 Zach Parise              Nazem Kadri              40     1   2  2  

4 vs 4 Defense
   Defense                  Defense                  Time % Phy DF OF 
 1 Kristopher Letang        Anton Stralman           60     1   2  2  
 2 Michael Del Zotto        Thomas Hickey            40     1   2  2  

Last Minutes Offensive
   Center                   Left Wing                Right Wing               Defense                  Defense                  
   Nazem Kadri              Tyler Ennis              Marian Gaborik           Kristopher Letang        Anton Stralman           

Last Minutes Defensive
   Center                   Left Wing                Right Wing               Defense                  Defense                  
   Nazem Kadri              Tyler Ennis              Marian Gaborik           Kristopher Letang        Anton Stralman           

Goaltenders
Starting : Maxime Daigneault        
Backup : Thomas McCollum          

Extra Forwards
Normal : Jamie Arniel, Martin Samuelsson, Evgeny Artyukhin - PP : Jamie Arniel, Martin Samuelsson - PK : Evgeny Artyukhin
Extra Defensemen
Normal : Andrew MacDonald, Matt Donovan, Mike Weber - PP : Andrew MacDonald - PK : Matt Donovan, Mike Weber
Penalty Shots
Tyler Ennis, Marian Gaborik, Zach Parise, Nazem Kadri, Brad Richards

Scratches
Josh Gorges (Healthy)

Sharks

5 vs 5 Forward 
   Center                   Left Wing                Right Wing               Time % Phy DF OF 
 1 Jason Spezza             Mike Cammalleri          Bobby Butler             40     1   2  2  
 2 T.J. Hensick             Milan Michalek           Martins Karsums          30     1   2  2  
 3 Luke Adam                Oskar Osala              Stefan Ruzicka           20     1   2  2  
 4 Jason Spezza             Zach Boychuk             Jiri Tlusty              10     1   2  2  

5 vs 5 Defense 
   Defense                  Defense                                           Time % Phy DF OF 
 1 Drew Doughty             Ben Lovejoy                                       40     1   2  2  
 2 Andrej Sekera            David Rundblad                                    30     1   2  2  
 3 Adam Larsson             Matt Corrente                                     20     1   2  2  
 4 Alec Martinez            Drew Doughty                                      10     1   2  2  

PowerPlay Forward 
   Center                   Left Wing                Right Wing               Time % Phy DF OF 
 1 Jason Spezza             Mike Cammalleri          Bobby Butler             60     1   2  2  
 2 Luke Adam                Milan Michalek           Martins Karsums          40     1   2  2  

PowerPlay Defense
   Defense                  Defense                                           Time % Phy DF OF 
 1 Drew Doughty             Ben Lovejoy                                       60     1   2  2  
 2 Andrej Sekera            Matt Corrente                                     40     1   2  2  

Penalty Kill 4 Players Forward 
   Center                   Wing                     Time % Phy DF OF 
 1 Jason Spezza             Mike Cammalleri          60     1   4  0  
 2 T.J. Hensick             Milan Michalek           40     1   4  0  

Penalty Kill 4 Players Defense
   Defense                  Defense                  Time % Phy DF OF 
 1 Drew Doughty             Ben Lovejoy              60     1   4  0  
 2 Andrej Sekera            Adam Larsson             40     1   4  0  

Penalty Kill - 3 Players Forward 
   Forward                                           Time % Phy DF OF 
 1 Jason Spezza                                      60     1   4  0  
 2 T.J. Hensick                                      40     1   4  0  

Penalty Kill - 3 Players Defense
   Defense                  Defense                  Time % Phy DF OF 
 1 Drew Doughty             Ben Lovejoy              60     1   4  0  
 2 Andrej Sekera            Adam Larsson             40     1   4  0  

4 vs 4 Forward 
   Center                   Wing                     Time % Phy DF OF 
 1 Jason Spezza             Mike Cammalleri          60     1   2  2  
 2 T.J. Hensick             Milan Michalek           40     1   2  2  

4 vs 4 Defense
   Defense                  Defense                  Time % Phy DF OF 
 1 Drew Doughty             Ben Lovejoy              60     1   2  2  
 2 Andrej Sekera            Alec Martinez            40     1   2  2  

Last Minutes Offensive
   Center                   Left Wing                Right Wing               Defense                  Defense                  
   Jason Spezza             Mike Cammalleri          Bobby Butler             Drew Doughty             Ben Lovejoy              

Last Minutes Defensive
   Center                   Left Wing                Right Wing               Defense                  Defense                  
   Jason Spezza             Milan Michalek           T.J. Hensick             Drew Doughty             Andrej Sekera            

Goaltenders
Starting : Ryan Miller              
Backup : Anders Nilsson           

Extra Forwards
Normal : Oskar Osala, Zach Boychuk, Stefan Ruzicka - PP : Oskar Osala, Zach Boychuk - PK : Stefan Ruzicka
Extra Defensemen
Normal : David Rundblad, Matt Corrente, Alec Martinez - PP : David Rundblad - PK : Matt Corrente, Alec Martinez
Penalty Shots
Jason Spezza, Mike Cammalleri, Milan Michalek, Luke Adam, Oskar Osala

Scratches
Brandon Dubinsky (Strained Right Knee Injury), Nikolai Kulemin (Healthy)

% Time on Ice - Coyotes

Lines # - Real PCT - Wanted PCT - Time Play
Normal Forward
1 - 30% - 40% - 14:32
2 - 33% - 30% - 15:38
3 - 22% - 20% - 10:18
4 - 15% - 10% - 7:13
Normal Defense
1 - 33% - 40% - 15:32
2 - 33% - 30% - 15:51
3 - 27% - 20% - 12:53
4 - 7% - 10% - 3:25
PP Forward
1 - 54% - 60% - 4:30
2 - 46% - 40% - 3:51
PP Defense
1 - 61% - 60% - 5:07
2 - 39% - 40% - 3:14
PK Forward
1 - 71% - 60% - 2:49
2 - 29% - 40% - 1:09
PK Defense
1 - 71% - 60% - 2:48
2 - 29% - 40% - 1:10
PK3 Forward
1 - 0% - 60%
2 - 0% - 40%
PK3 Defense
1 - 0% - 60%
2 - 0% - 40%
44 Forward
1 - 0% - 60%
2 - 0% - 40%
44 Defense
1 - 0% - 60%
2 - 0% - 40%
Last Minute Offensive  - 0:00
Last Minute Defensive  - 0:00
Total
Forward - 60:00
Defense - 60:00

% Time on Ice - Sharks

Lines # - Real PCT - Wanted PCT - Time Play
Normal Forward
1 - 32% - 40% - 15:17
2 - 33% - 30% - 15:31
3 - 21% - 20% - 10:10
4 - 14% - 10% - 6:43
Normal Defense
1 - 38% - 40% - 17:56
2 - 31% - 30% - 14:55
3 - 24% - 20% - 11:22
4 - 7% - 10% - 3:28
PP Forward
1 - 49% - 60% - 1:56
2 - 51% - 40% - 2:02
PP Defense
1 - 54% - 60% - 2:09
2 - 46% - 40% - 1:49
PK Forward
1 - 80% - 60% - 6:40
2 - 20% - 40% - 1:41
PK Defense
1 - 56% - 60% - 4:40
2 - 44% - 40% - 3:41
PK3 Forward
1 - 0% - 60%
2 - 0% - 40%
PK3 Defense
1 - 0% - 60%
2 - 0% - 40%
44 Forward
1 - 0% - 60%
2 - 0% - 40%
44 Defense
1 - 0% - 60%
2 - 0% - 40%
Last Minute Offensive  - 0:00
Last Minute Defensive  - 0:00
Total
Forward - 60:00
Defense - 60:00

Play-by-Play

1st period


0:01 of 1st period - Jason Spezza wins face-off versus Nazem Kadri in neutral zone.
0:42 of 1st period - Slapshot by Brad Richards.
0:42 of 1st period - Stopped by Ryan Miller without a rebound.
0:43 of 1st period - Luke Adam wins face-off versus Jamie Arniel in Sharks zone.
0:43 of 1st period - Luke Adam is hit by Jamie Arniel.
0:51 of 1st period - Snap shot by Oskar Osala.
0:51 of 1st period - Stopped by Maxime Daigneault without a rebound.
0:52 of 1st period - Luke Adam wins face-off versus Jamie Arniel in Coyotes zone.
0:53 of 1st period - Slapshot by Stefan Ruzicka.
0:53 of 1st period - Shot Misses the Net.
0:55 of 1st period - Slapshot by Oskar Osala.
0:55 of 1st period - Stopped by Maxime Daigneault with a rebound.
1:08 of 1st period - Icing by Oskar Osala.
1:09 of 1st period - Oskar Osala wins face-off versus Nick Bonino in Sharks zone.
1:16 of 1st period - Wrist shot by Marian Gaborik.
1:16 of 1st period - Deflect By Nick Bonino.
1:16 of 1st period - Shot Misses the Net.
1:16 of 1st period - Puck is out of play.
1:17 of 1st period - Jason Spezza wins face-off versus Nick Bonino in Sharks zone.
1:22 of 1st period - Andrew MacDonald is hit by Mike Cammalleri and loses puck.
1:38 of 1st period - Backhand shot by Nick Bonino.
1:38 of 1st period - Stopped by Ryan Miller with a rebound.
1:40 of 1st period - Slapshot by Matt Donovan.
1:40 of 1st period - Stopped by Ryan Miller without a rebound.
1:41 of 1st period - Brad Richards wins face-off versus T.J. Hensick in Sharks zone.
1:42 of 1st period - Wrist shot by Zach Parise.
1:42 of 1st period - Stopped by Ryan Miller with a rebound.
1:44 of 1st period - Minor Penalty to Milan Michalek for Roughing.
1:45 of 1st period - Jason Spezza wins face-off versus Tyler Ennis in Sharks zone.
3:29 of 1st period - T.J. Hensick is hit by Brad Richards and loses puck.
3:44 of 1st period - Penalty to Milan Michalek is over, Milan Michalek is back on ice.
4:04 of 1st period - Minor Penalty to Evgeny Artyukhin for Hooking.
4:05 of 1st period - Luke Adam wins face-off versus Ramzi Abid in Coyotes zone.
4:06 of 1st period - Slapshot by Drew Doughty.
4:06 of 1st period - Shot Blocked by Thomas Hickey.
4:16 of 1st period - Ramzi Abid is hit by Drew Doughty and loses puck.
5:08 of 1st period - Icing by Milan Michalek.
5:09 of 1st period - Martin Samuelsson wins face-off versus Luke Adam in Sharks zone.
5:15 of 1st period - Icing by Luke Adam.
5:16 of 1st period - Brad Richards wins face-off versus Luke Adam in Sharks zone.
6:04 of 1st period - Penalty to Evgeny Artyukhin is over, Evgeny Artyukhin is back on ice.
6:39 of 1st period - Snap shot by Mike Cammalleri.
6:39 of 1st period - Stopped by Maxime Daigneault with a rebound.
6:41 of 1st period - Wrist shot by Mike Cammalleri.
6:41 of 1st period - Stopped by Maxime Daigneault with a rebound.
10:02 of 1st period - Wrist shot by Milan Michalek.
10:02 of 1st period - Stopped by Maxime Daigneault with a rebound.
10:04 of 1st period - Wrist shot by Milan Michalek.
10:04 of 1st period - Stopped by Maxime Daigneault without a rebound.
10:05 of 1st period - Nick Bonino wins face-off versus Martins Karsums in Coyotes zone.
10:12 of 1st period - Snap shot by Marian Gaborik.
10:12 of 1st period - Stopped by Ryan Miller with a rebound.
10:53 of 1st period - Snap shot by Milan Michalek.
10:53 of 1st period - Stopped by Maxime Daigneault with a rebound.
11:15 of 1st period - Martin Samuelsson is hit by T.J. Hensick and loses puck.
11:22 of 1st period - Wrist shot by Martins Karsums.
11:22 of 1st period - Stopped by Maxime Daigneault with a rebound.
11:24 of 1st period - Slapshot by Adam Larsson.
11:24 of 1st period - Shot Misses the Net.
11:26 of 1st period - Wrist shot by T.J. Hensick.
11:26 of 1st period - Shot Misses the Net.
11:52 of 1st period - Wrist shot by Michael Del Zotto.
11:52 of 1st period - Shot Blocked by Andrej Sekera.
11:54 of 1st period - Snap shot by Evgeny Artyukhin.
11:54 of 1st period - Shot Misses the Net.
11:56 of 1st period - Slapshot by Jamie Arniel.
11:56 of 1st period - Stopped by Ryan Miller with a rebound.
11:58 of 1st period - Snap shot by Martin Samuelsson.
11:58 of 1st period - Shot Misses the Net.
12:24 of 1st period - Snap shot by Martin Samuelsson.
12:24 of 1st period - Deflect By Jamie Arniel.
12:24 of 1st period - Stopped by Ryan Miller without a rebound.
12:25 of 1st period - Nazem Kadri wins face-off versus Jason Spezza in Sharks zone.
13:17 of 1st period - Snap shot by Ramzi Abid.
13:17 of 1st period - Deflect By Nick Bonino.
13:17 of 1st period - Shot Misses the Net.
13:17 of 1st period - Puck is out of play.
13:18 of 1st period - Nick Bonino wins face-off versus Jason Spezza in Sharks zone.
13:29 of 1st period - Wrist shot by Jason Spezza.
13:29 of 1st period - Stopped by Maxime Daigneault without a rebound.
13:30 of 1st period - Nazem Kadri wins face-off versus Luke Adam in Coyotes zone.
13:39 of 1st period - Drew Doughty is hit by Matt Donovan and loses puck.
14:21 of 1st period - Snap shot by Jason Spezza.
14:21 of 1st period - Stopped by Maxime Daigneault with a rebound.
15:26 of 1st period - Icing by Tyler Ennis.
15:27 of 1st period - Luke Adam wins face-off versus Jamie Arniel in Coyotes zone.
15:30 of 1st period - Snap shot by Oskar Osala.
15:30 of 1st period - Stopped by Maxime Daigneault with a rebound.
15:41 of 1st period - Off-side.
15:42 of 1st period - Luke Adam wins face-off versus Brad Richards in neutral zone.
15:56 of 1st period - Icing by Oskar Osala.
15:57 of 1st period - Luke Adam wins face-off versus Nazem Kadri in Sharks zone.
16:02 of 1st period - Marian Gaborik is hit by Andrej Sekera.
16:25 of 1st period - Wrist shot by Kristopher Letang.
16:25 of 1st period - Stopped by Ryan Miller without a rebound.
16:26 of 1st period - Marian Gaborik wins face-off versus Jason Spezza in Sharks zone.
16:53 of 1st period - T.J. Hensick is hit by Chris Stewart and loses puck.
17:36 of 1st period - Snap shot by Oskar Osala.
17:36 of 1st period - Shot Blocked by Nick Bonino.
17:38 of 1st period - Snap shot by Drew Doughty.
17:38 of 1st period - Shot Blocked by Michael Del Zotto.
17:40 of 1st period - Snap shot by Luke Adam.
17:40 of 1st period - Shot Misses the Net.
17:42 of 1st period - Wrist shot by Luke Adam.
17:42 of 1st period - Shot Misses the Net.
17:44 of 1st period - Wrist shot by Luke Adam.
17:44 of 1st period - Shot Blocked by Ramzi Abid.
17:46 of 1st period - Slapshot by Drew Doughty.
17:46 of 1st period - Shot Misses the Net.
17:55 of 1st period - Off-side.
17:56 of 1st period - Brad Richards wins face-off versus Jason Spezza in neutral zone.
18:22 of 1st period - David Rundblad is hit by Tyler Ennis and loses puck.
19:01 of 1st period - Bobby Butler is hit by Zach Parise and loses puck.
19:18 of 1st period - Anton Stralman is hit by Matt Corrente and loses puck.
19:46 of 1st period - Slapshot by T.J. Hensick.
19:46 of 1st period - Shot Misses the Net.
19:48 of 1st period - Wrist shot by Milan Michalek.
19:48 of 1st period - Goal by Milan Michalek - Coyotes : 0 - Sharks : 1.
19:49 of 1st period - Brad Richards wins face-off versus Jason Spezza in neutral zone.
Goals for this period are 0 for Coyotes vs 1 for Sharks.
Shots for this period are 8 for Coyotes vs 12 for Sharks.

2nd period


0:01 of 2nd period - Nazem Kadri wins face-off versus Jason Spezza in neutral zone.
0:04 of 2nd period - Slapshot by Anton Stralman.
0:04 of 2nd period - Stopped by Ryan Miller without a rebound.
0:05 of 2nd period - Jason Spezza wins face-off versus Nazem Kadri in Sharks zone.
1:20 of 2nd period - Wrist shot by Tyler Ennis.
1:20 of 2nd period - Shot Misses the Net.
2:25 of 2nd period - Brad Richards is hit by Milan Michalek and loses puck.
3:49 of 2nd period - Thomas Hickey is hit by Oskar Osala and loses puck.
4:12 of 2nd period - Minor Penalty to Matt Corrente for Holding.
4:13 of 2nd period - Jason Spezza wins face-off versus Marian Gaborik in Sharks zone.
4:13 of 2nd period - Jason Spezza is hit by Nazem Kadri.
4:21 of 2nd period - Wrist shot by Marian Gaborik.
4:21 of 2nd period - Stopped by Ryan Miller with a rebound.
4:23 of 2nd period - Snap shot by Marian Gaborik.
4:23 of 2nd period - Goal by Marian Gaborik - Coyotes : 1 - Sharks : 1.
4:24 of 2nd period - Jason Spezza wins face-off versus Nazem Kadri in neutral zone.
4:50 of 2nd period - Milan Michalek is hit by Brad Richards and loses puck.
5:33 of 2nd period - Slapshot by Mike Cammalleri.
5:33 of 2nd period - Stopped by Maxime Daigneault without a rebound.
5:34 of 2nd period - Nazem Kadri wins face-off versus Jason Spezza in Coyotes zone.
5:34 of 2nd period - Nazem Kadri is hit by Adam Larsson.
6:16 of 2nd period - Wrist shot by Mike Cammalleri.
6:16 of 2nd period - Shot Blocked by Martin Samuelsson.
6:32 of 2nd period - Snap shot by Adam Larsson.
6:32 of 2nd period - Stopped by Maxime Daigneault without a rebound.
6:33 of 2nd period - T.J. Hensick wins face-off versus Nazem Kadri in Coyotes zone.
6:42 of 2nd period - Slapshot by Kristopher Letang.
6:42 of 2nd period - Deflect By Marian Gaborik.
6:42 of 2nd period - Deflect By Ben Lovejoy.
6:42 of 2nd period - Shot Blocked by Drew Doughty.
6:42 of 2nd period - Puck is out of play.
6:43 of 2nd period - T.J. Hensick wins face-off versus Nazem Kadri in Sharks zone.
6:54 of 2nd period - Snap shot by Nazem Kadri.
6:54 of 2nd period - Shot Blocked by T.J. Hensick.
6:56 of 2nd period - Slapshot by Anton Stralman.
6:56 of 2nd period - Stopped by Ryan Miller without a rebound.
6:57 of 2nd period - Nazem Kadri wins face-off versus Mike Cammalleri in Sharks zone.
7:32 of 2nd period - Ben Lovejoy is hit by Brad Richards and loses puck.
8:03 of 2nd period - Off-side.
8:04 of 2nd period - Nick Bonino wins face-off versus Jason Spezza in neutral zone.
8:09 of 2nd period - Snap shot by Ramzi Abid.
8:09 of 2nd period - Stopped by Ryan Miller with a rebound.
9:36 of 2nd period - Snap shot by Marian Gaborik.
9:36 of 2nd period - Stopped by Ryan Miller without a rebound.
9:37 of 2nd period - T.J. Hensick wins face-off versus Brad Richards in Sharks zone.
10:09 of 2nd period - Snap shot by Jamie Arniel.
10:09 of 2nd period - Deflect By Evgeny Artyukhin.
10:09 of 2nd period - Shot Blocked by Drew Doughty.
10:09 of 2nd period - Puck is out of play.
10:10 of 2nd period - T.J. Hensick wins face-off versus Brad Richards in Sharks zone.
10:35 of 2nd period - Luke Adam is hit by Martin Samuelsson.
10:43 of 2nd period - Snap shot by Evgeny Artyukhin.
10:43 of 2nd period - Deflect By Jamie Arniel.
10:43 of 2nd period - Stopped by Ryan Miller with a rebound.
10:45 of 2nd period - Slapshot by Michael Del Zotto.
10:45 of 2nd period - Stopped by Ryan Miller without a rebound.
10:46 of 2nd period - Chris Stewart wins face-off versus T.J. Hensick in Sharks zone.
11:33 of 2nd period - Snap shot by Nazem Kadri.
11:33 of 2nd period - Stopped by Ryan Miller with a rebound.
11:39 of 2nd period - Michael Del Zotto is hit by Bobby Butler and loses puck.
12:04 of 2nd period - Minor Penalty to Thomas Hickey for High sticking.
12:05 of 2nd period - Mike Cammalleri wins face-off versus Martin Samuelsson in Coyotes zone.
12:22 of 2nd period - Off-side.
12:23 of 2nd period - Martin Samuelsson wins face-off versus Luke Adam in neutral zone.
12:56 of 2nd period - Snap shot by Mike Cammalleri.
12:56 of 2nd period - Stopped by Maxime Daigneault with a rebound.
13:26 of 2nd period - Andrej Sekera is hit by Zach Parise and loses puck.
14:04 of 2nd period - Penalty to Thomas Hickey is over, Thomas Hickey is back on ice.
15:00 of 2nd period - Slapshot by Marian Gaborik.
15:00 of 2nd period - Stopped by Ryan Miller with a rebound.
17:10 of 2nd period - Luke Adam is hit by Marian Gaborik and loses puck.
17:58 of 2nd period - Andrej Sekera is hit by Jamie Arniel and loses puck.
Goals for this period are 1 for Coyotes vs 0 for Sharks.
Shots for this period are 10 for Coyotes vs 3 for Sharks.

3rd period


0:01 of 3rd period - Nazem Kadri wins face-off versus Jason Spezza in neutral zone.
0:19 of 3rd period - Minor Penalty to Jason Spezza for High sticking.
0:20 of 3rd period - Stefan Ruzicka wins face-off versus Nazem Kadri in Sharks zone.
0:20 of 3rd period - Stefan Ruzicka is hit by Nazem Kadri.
0:46 of 3rd period - Ben Lovejoy is hit by Zach Parise.
2:05 of 3rd period - Icing by Zach Parise.
2:06 of 3rd period - T.J. Hensick wins face-off versus Brad Richards in Coyotes zone.
2:19 of 3rd period - Penalty to Jason Spezza is over, Jason Spezza is back on ice.
2:51 of 3rd period - Wrist shot by Oskar Osala.
2:51 of 3rd period - Stopped by Maxime Daigneault without a rebound.
2:52 of 3rd period - Nick Bonino wins face-off versus T.J. Hensick in Coyotes zone.
2:52 of 3rd period - Nick Bonino is hit by Andrej Sekera.
3:08 of 3rd period - Wrist shot by Martins Karsums.
3:08 of 3rd period - Stopped by Maxime Daigneault without a rebound.
3:09 of 3rd period - Zach Parise wins face-off versus Jason Spezza in Coyotes zone.
3:09 of 3rd period - Zach Parise is hit by Jason Spezza.
3:17 of 3rd period - Mike Cammalleri is hit by Zach Parise and loses puck.
3:34 of 3rd period - Martins Karsums is hit by Marian Gaborik and loses puck.
3:51 of 3rd period - Minor Penalty to Martins Karsums for Hooking.
3:52 of 3rd period - Jason Spezza wins face-off versus Nazem Kadri in Sharks zone.
4:05 of 3rd period - Slapshot by Anton Stralman.
4:05 of 3rd period - Goal by Anton Stralman - Coyotes : 2 - Sharks : 1.
4:06 of 3rd period - Nazem Kadri wins face-off versus Jason Spezza in neutral zone.
4:31 of 3rd period - Drew Doughty is hit by Chris Stewart and loses puck.
4:40 of 3rd period - David Rundblad is hit by Zach Parise and loses puck.
5:22 of 3rd period - Off-side.
5:23 of 3rd period - T.J. Hensick wins face-off versus Brad Richards in neutral zone.
5:34 of 3rd period - Ben Lovejoy is hit by Thomas Hickey and loses puck.
5:49 of 3rd period - Zach Parise is hit by Stefan Ruzicka and loses puck.
6:20 of 3rd period - Wrist shot by Marian Gaborik.
6:20 of 3rd period - Shot Misses the Net.
6:36 of 3rd period - Michael Del Zotto is hit by Matt Corrente and loses puck.
6:49 of 3rd period - Matt Corrente is hit by Ramzi Abid and loses puck.
7:05 of 3rd period - Off-side.
7:06 of 3rd period - Oskar Osala wins face-off versus Jamie Arniel in neutral zone.
7:46 of 3rd period - Matt Donovan is hit by Jason Spezza and loses puck.
8:04 of 3rd period - Snap shot by Zach Parise.
8:04 of 3rd period - Shot Blocked by David Rundblad.
8:06 of 3rd period - Snap shot by Brad Richards.
8:06 of 3rd period - Shot Hit the Post.
8:08 of 3rd period - Slapshot by Brad Richards.
8:08 of 3rd period - Goal by Brad Richards - Coyotes : 3 - Sharks : 1.
8:09 of 3rd period - Jason Spezza wins face-off versus Nazem Kadri in neutral zone.
8:19 of 3rd period - Minor Penalty to Bobby Butler for Roughing.
8:20 of 3rd period - Jason Spezza wins face-off versus Nazem Kadri in Sharks zone.
8:28 of 3rd period - Snap shot by Drew Doughty.
8:28 of 3rd period - Shot Misses the Net.
8:36 of 3rd period - Slapshot by Drew Doughty.
8:36 of 3rd period - Shot Misses the Net.
9:20 of 3rd period - Wrist shot by Stefan Ruzicka.
9:20 of 3rd period - Shot Misses the Net.
10:19 of 3rd period - Penalty to Bobby Butler is over, Bobby Butler is back on ice.
10:25 of 3rd period - Snap shot by Stefan Ruzicka.
10:25 of 3rd period - Shot Misses the Net.
10:45 of 3rd period - Wrist shot by Brad Richards.
10:45 of 3rd period - Shot Misses the Net.
10:47 of 3rd period - Snap shot by Zach Parise.
10:47 of 3rd period - Goal by Zach Parise - Coyotes : 4 - Sharks : 1.
10:48 of 3rd period - Jason Spezza wins face-off versus Nazem Kadri in neutral zone.
11:15 of 3rd period - Martin Samuelsson is hit by Oskar Osala and loses puck.
11:22 of 3rd period - Snap shot by Oskar Osala.
11:22 of 3rd period - Shot Blocked by Matt Donovan.
11:38 of 3rd period - Wrist shot by Milan Michalek.
11:38 of 3rd period - Stopped by Maxime Daigneault with a rebound.
11:40 of 3rd period - Wrist shot by Milan Michalek.
11:40 of 3rd period - Shot Misses the Net.
11:42 of 3rd period - Wrist shot by T.J. Hensick.
11:42 of 3rd period - Goal by T.J. Hensick - Coyotes : 4 - Sharks : 2.
11:43 of 3rd period - Nazem Kadri wins face-off versus Jason Spezza in neutral zone.
11:52 of 3rd period - Backhand shot by Drew Doughty.
11:52 of 3rd period - Stopped by Maxime Daigneault without a rebound.
11:53 of 3rd period - Nazem Kadri wins face-off versus Jason Spezza in Coyotes zone.
12:14 of 3rd period - Anton Stralman is hit by Mike Cammalleri and loses puck.
12:35 of 3rd period - Snap shot by Tyler Ennis.
12:35 of 3rd period - Stopped by Ryan Miller with a rebound.
12:53 of 3rd period - Wrist shot by Drew Doughty.
12:53 of 3rd period - Deflect By Jason Spezza.
12:53 of 3rd period - Shot Misses the Net.
12:53 of 3rd period - Puck is out of play.
12:54 of 3rd period - Brad Richards wins face-off versus T.J. Hensick in Coyotes zone.
13:07 of 3rd period - Snap shot by Zach Parise.
13:07 of 3rd period - Shot Blocked by David Rundblad.
13:09 of 3rd period - Wrist shot by Brad Richards.
13:09 of 3rd period - Stopped by Ryan Miller without a rebound.
13:10 of 3rd period - Luke Adam wins face-off versus Jamie Arniel in Sharks zone.
13:10 of 3rd period - Luke Adam is hit by Evgeny Artyukhin.
13:13 of 3rd period - Minor Penalty to Luke Adam for Holding.
13:14 of 3rd period - Jason Spezza wins face-off versus Nazem Kadri in Sharks zone.
13:40 of 3rd period - Snap shot by Michael Del Zotto.
13:40 of 3rd period - Shot Blocked by Ben Lovejoy.
15:13 of 3rd period - Penalty to Luke Adam is over, Luke Adam is back on ice.
16:57 of 3rd period - Martin Samuelsson is hit by Martins Karsums and loses puck.
17:48 of 3rd period - Andrew MacDonald is hit by Oskar Osala and loses puck.
18:26 of 3rd period - Icing by Anton Stralman.
18:27 of 3rd period - T.J. Hensick wins face-off versus Jamie Arniel in Coyotes zone.
19:35 of 3rd period - Snap shot by Stefan Ruzicka.
19:35 of 3rd period - Shot Blocked by Matt Donovan.
Goals for this period are 3 for Coyotes vs 1 for Sharks.
Shots for this period are 5 for Coyotes vs 5 for Sharks.